 Dungeon Crawl Stone Soup version 0.27-a0-1591-gc56fcc985a (webtiles) character file.

Game seed: 8972593883269044693

5225 Zonian the Covert (level 10, 0/51 HPs)
             Began as a Vine Stalker Conjurer on July 19, 2021.
             Was a Follower of Dithmenos.
             Slain by a green ugly thing (3 damage)
             ... on level 9 of the Dungeon.
             The game lasted 00:30:24 (17358 turns).

Zonian the Covert (Vine Stalker Conjurer)          Turns: 17358, Time: 00:30:25

Health: 0/51       AC:  6    Str: 14    XL:     10   Next: 61%
Magic:  0/20       EV: 15    Int: 18    God:    Dithmenos [*.....]
Gold:   144        SH:  0    Dex: 23    Spells: 14/21 levels left

rFire    . . .     SeeInvis .   m - +8 Vampire's Tooth {vamp}
rCold    . . .     Faith    .   (no shield)
rNeg     . . .     Spirit   +   a - +1 robe
rPois    .         Reflect  .   F - +2 helmet
rElec    .         Harm     .   (no cloak)
rCorr    .         Rampage  .   (no gloves)
Will     +....                  (no boots)
Stlth    ++++++....             (no amulet)
HPRegen  1.17/turn              z - ring of Hywkepn {Str+5 Dex+6 Stlth+}
MPRegen  0.17/turn              (no ring)

@: wreathed by umbra
A: fangs 3, regeneration 1, magic shield, antimagic bite, no potion heal 2
a: Renounce Religion


You were on level 9 of the Dungeon.
You worshipped Dithmenos.
Dithmenos was aware of your devotion.
You visited 2 branches of the dungeon, and saw 10 of its levels.

You collected 368 gold pieces.
You spent 224 gold pieces at shops.

Inventory:

Hand Weapons
 b - a +0 dagger
 d - a +0 dagger of venom
 f - a +1 dagger of venom
 i - a +4 short sword
 j - a +1 hand axe of flaming
 l - a +2 vorpal dagger
 m - the +8 Vampire's Tooth (weapon) {vamp}
   (You acquired it on level 4 of the Dungeon)

   It occasionally heals its wielder for the full amount of damage dealt when it
   wounds a living foe.
 n - the +9 sword of Zonguldrok {reap}
   (You acquired it on level 4 of the Dungeon)

   Any living foe damaged by it may be reanimated upon death as a zombie
   friendly to the wielder, with an increasing chance as more damage is dealt.
 t - a +3 rapier of draining
 v - a +4 war axe
 w - the +9 staff of Olgreb {rPois∞}
   (You acquired it on level 7 of the Dungeon)

   If the wielder is skilled in Evocations, they can envenom those struck by it,
   dealing poison damage which bypasses armour.
   It enhances your poison magic.
   It grants immunity to poison.
   It can be evoked to radiate toxic energy, with effectiveness depending on
   Evocations skill.
 x - a +3 war axe
 G - a +3 hunting sling of flaming
 K - a +5 scimitar
Missiles
 H - 18 sling bullets
Armour
 a - a +1 robe (worn)
 s - a +2 hat
 F - a +2 helmet (worn)
 I - the +1 scale mail "Waenuh" {Str+3}
   (You found it on level 8 of the Dungeon)

   Str:       It affects your strength (+3).
Jewellery
 g - a ring of willpower
 z - the ring of Hywkepn (left hand) {Str+5 Dex+6 Stlth+}
   (You acquired it on level 7 of the Dungeon)

   [ring of dexterity]

   Str:       It affects your strength (+5).
   Dex:       It affects your dexterity (+6).
   Stlth:     It makes you more stealthy.
 D - a ring of fire
Wands
 p - a wand of acid (8)
 B - a wand of flame (22)
Scrolls
 c - a scroll of immolation
 e - a scroll of noise
 y - a scroll of fog
 C - a scroll of teleportation
 E - a scroll of magic mapping
Potions
 h - a potion of flight
 k - a potion of brilliance
 o - 5 potions of curing
 q - a potion of resistance
 r - a potion of lignification {unknown}
 u - a potion of mutation {unknown}
 A - a potion of invisibility {unknown}
 J - a potion of degeneration {unknown}


   Skills:
 + Level 4.8 Fighting
 * Level 5.1 Short Blades
 + Level 4.9 Dodging
 + Level 8.1 Stealth
 - Level 6.4 Spellcasting
 - Level 7.4 Conjurations
 - Level 5.1 Translocations
 + Level 1.3 Invocations


You had 14 spell levels left.
You knew the following spells:

 Your Spells              Type           Power      Damage    Failure   Level
a - Magic Dart            Conj           100%       1d8       1%          1
b - Searing Ray           Conj           64%        3d5       1%          2
c - Iskenderun's Mystic   Conj/Tloc      28%        2d7       9%          4

Your spell library contained the following spells:

 Spells                   Type           Power      Damage    Failure   Level
 Dazzling Flash           Conj/Hex       38%        N/A       8%          3
 Animate Skeleton         Necr           10%        N/A       12%         1
 Pain                     Necr           20%        1d5       12%         1
 Sandblast                Erth           10%        2d5       12%         1
 Iskenderun's Battlesphe  Conj           32%        2d8       16%         5
 Corpse Rot               Necr/Air       N/A        N/A       17%         2
 Ensorcelled Hibernation  Hex/Ice        10%        N/A       17%         2
 Passwall                 Tmut/Erth      4%         N/A       17%         2
 Slow                     Hex            5%         N/A       17%         2
 Fulminant Prism          Conj/Hex       9%         3d7       24%         4
 Confusing Touch          Hex            5%         N/A       34%         3
 Spider Form              Tmut/Pois      2%         N/A       34%         3
 Vampiric Draining        Necr           2%         2d6       34%         3
 Dispel Undead            Necr           5%         3d7       75%         4
 Agony                    Necr           5%         N/A       97%         5
 Lee's Rapid Deconstruct  Erth           2%         3d6*      97%         5
 Silence                  Hex/Air        2%         N/A       97%         5
 Iron Shot                Conj/Erth      9%         9d3       98%         6
 Death Channel            Necr           2%         N/A       100%        6
 Shadow Creatures         Summ           N/A        N/A       100%        6
 Spellforged Servitor     Conj/Summ      9%         N/A       100%        7


Dungeon Overview and Level Annotations

Branches:
Dungeon (9/15)             Temple (1/1) D:5            Lair (0/6) D:9
    Orc: D:9-12

Altars:
Ashenzari
Cheibriados
Dithmenos
Elyvilon
Fedhas
Gozag
Hepliaklqana
Kikubaaqudgha
Makhleb
Nemelex Xobeh
Okawaru
Qazlal
Ru
Trog
Uskayaw
Vehumet
Wu Jian
Xom
Yredelemnul
Zin
The Shining One

Shops:
D:8 (*:[[

Annotations:
D:5 Sigmund


Innate Abilities, Weirdness & Mutations

You have razor-sharp teeth.
Your natural rate of healing is unusually fast.
When hurt, damage is shared between your health and your magic reserves.
Your bite disrupts and absorbs the magic of your enemies.
Potions cannot restore your health.


Message History

You drain its power.
You feel invigorated.
The centaur warrior is heavily wounded.
The centaur warrior completely misses you.
The centaur warrior kicks you but does no damage.
The centaur warrior hits you! The centaur warrior kicks you.
The green ugly thing kicks you.
The centaur hits you but does no damage.
The centaur kicks you but does no damage.
The centaur warrior misses you.
The centaur warrior completely misses you.
The centaur warrior wields a +0 shortbow.
The centaur warrior shoots an arrow.
The arrow hits you!
The centaur unwields a +0 dagger.
The centaur wields a +4 shortbow.
The centaur shoots an arrow.
The arrow closely misses you.
The centaur warrior completely misses you.
The centaur warrior kicks you but does no damage.
You hit the centaur warrior.
You feel better.
You bite the centaur warrior, but do no damage.
The centaur warrior is severely wounded.
The green ugly thing kicks you!
You are poisoned.
The green ugly thing poisons you!
You puncture the centaur warrior!
The centaur warrior is severely wounded.
You feel very sick. The centaur warrior misses you.
The centaur warrior kicks you but does no damage.
Unknown command.
* * * LOW HITPOINT WARNING * * *
You feel very sick.
The centaur warrior wields a +0 shortbow.
The centaur warrior shoots an arrow.
The arrow hits you!
* * * LOW HITPOINT WARNING * * *
Okay, then.
Okay, then.
Okay, then.
Your system rejects the healing.
You feel better.
The centaur warrior shoots an arrow.
The arrow misses you. The green ugly thing kicks you.
You die...

##.....######
# ##...## #
##.## # #.# #
####.# #
#..#.# #
#....# #
##.### #
#########@#
.......#u.#
###
......ccc.#
..
###....#..# .
. ##
######..# ..
## #. ...#
...#. #.
....# #... #.
....# #.#
#.### .....#
#.#


You could see a green ugly thing, 2 centaur warriors and a centaur.

Vanquished Creatures
  Pikel (D:6)
  A cyclops (D:8)
  Joseph (D:8)
  A steam dragon (D:8)
  3 yaks (D:8)
  Menkaure (D:5)
  Duvessa (D:5)
  A sky beast (D:6)
  An ice beast (D:6)
  An orc warrior (D:8)
  4 black bears
  3 ogres
  A lemure (D:6)
  2 kobold brigands (D:9)
  2 bullfrogs
  3 scorpions
  3 water moccasin skeletons
  7 jellies
  Dowan (D:5)
  4 killer bees (D:8)
  13 wights
  A bullfrog zombie (D:5)
  A hound (D:6)
  2 gnoll shamans
  2 orc priests (D:9)
  A centaur skeleton (D:7)
  8 orc wizards
  A scorpion zombie (D:5)
  2 iguanas
  A hound skeleton (D:5)
  A howler monkey zombie (D:6)
  7 gnolls
  6 adders
  3 shadow imps
  A white imp (D:7)
  An adder skeleton (D:4)
  4 worms
  2 dart slugs
  24 orcs
  3 bats
  8 endoplasms
  3 giant cockroaches
  6 goblins
  3 hobgoblins
  5 jackals
  21 kobolds
  2 quokkas
  5 ball pythons
  2 frilled lizards (D:1)
  7 rats
188 creatures vanquished.

Vanquished Creatures (others)
  A kobold (D:9)
  2 fungi (D:3)
  15 plants
18 creatures vanquished.

Grand Total: 206 creatures vanquished

Notes
Turn   | Place    | Note
-------+----------+-------------------------------------------
     0 | D:1      | Zonian the Vine Stalker Conjurer began the quest for the
                  | Orb.
     0 | D:1      | Reached XP level 1. HP: 9/9 MP: 4/4
   554 | D:1      | Reached XP level 2. HP: 13/13 MP: 3/6
   557 | D:1      | Learned a level 2 spell: Searing Ray
  2450 | D:1      | Reached XP level 3. HP: 16/16 MP: 4/7
  2903 | D:1      | Found a faded altar of an unknown god.
  3096 | D:2      | Reached skill level 3 in Stealth
  4623 | D:3      | Gained mutation: Your natural rate of healing is unusually
                  | fast. [Vine Stalker growth]
  4623 | D:3      | Reached XP level 4. HP: 21/21 MP: 6/9
  5258 | D:3      | Reached skill level 5 in Conjurations
  5441 | D:3      | Found a blossoming altar of Fedhas.
  6042 | D:4      | Reached XP level 5. HP: 24/24 MP: 5/11
  6397 | D:4      | Identified 3 scrolls of acquirement
  6397 | D:4      | Acquired a book of Power
  6398 | D:4      | Acquired the +9 sword of Zonguldrok {reap}
  6399 | D:4      | Found the +9 sword of Zonguldrok {reap}
  6399 | D:4      | Acquired the +8 Vampire's Tooth {vamp}
  6400 | D:4      | Found the +8 Vampire's Tooth {vamp}
  6409 | D:4      | Learned a level 4 spell: Iskenderun's Mystic Blast
  6545 | D:4      | Noticed an ogre
  6553 | D:4      | Killed an ogre
  6554 | D:4      | Reached skill level 1 in Short Blades
  6554 | D:4      | Reached XP level 6. HP: 29/29 MP: 3/12
  6844 | D:4      | Found a snail-covered altar of Cheibriados.
  7247 | D:4      | Noticed a black bear
  7255 | D:4      | Killed a black bear
  7256 | D:4      | Reached skill level 1 in Fighting
  7256 | D:4      | Reached skill level 4 in Stealth
  7256 | D:4      | Reached skill level 1 in Translocations
  7299 | D:4      | HP: 1/30 [acid (4)]
  7678 | D:4      | Found a sparkling altar of Nemelex Xobeh.
  7680 | D:4      | Found a glowing silver altar of Zin.
  8493 | D:5      | Entered Level 5 of the Dungeon
  8507 | D:5      | Reached XP level 7. HP: 31/33 MP: 11/13
  8539 | D:5      | Noticed Duvessa
  8542 | D:5      | Noticed Dowan
  9024 | D:5      | Noticed Menkaure
  9029 | D:5      | Killed Menkaure
  9030 | D:5      | Reached skill level 5 in Stealth
  9030 | D:5      | Gained mutation: You have razor-sharp teeth. [Vine Stalker
                  | growth]
  9030 | D:5      | Reached XP level 8. HP: 39/39 MP: 15/15
  9230 | D:5      | Killed Dowan
  9236 | D:5      | Killed Duvessa
  9429 | D:5      | Found a staircase to the Ecumenical Temple.
  9465 | D:5      | Noticed Sigmund
  9930 | D:6      | Reached skill level 6 in Stealth
  9930 | D:6      | Reached skill level 5 in Spellcasting
  9970 | D:6      | Noticed Pikel
 10035 | D:6      | Killed Pikel
 10036 | D:6      | Reached XP level 9. HP: 17/44 MP: 0/17
 12565 | D:7      | Reached skill level 7 in Stealth
 12584 | D:7      | Acquired the +9 staff of Olgreb {rPois∞}
 12585 | D:7      | Found the +9 staff of Olgreb {rPois∞}
 13196 | D:7      | Acquired the ring of Hywkepn {Str+5 Dex+6 Stlth+}
 13535 | D:8      | Found Pazyes's Book Boutique.
 13613 | D:8      | Found Dojuykoz's Antique Weapon Shoppe.
 13636 | D:8      | Found a stormy altar of Qazlal.
 13659 | D:8      | Found a broken altar of Ashenzari.
 13835 | D:8      | Found Ubrik's Assorted Antiques.
 13842 | D:8      | Bought a scroll of teleportation for 84 gold pieces
 13842 | D:8      | Bought a runed emerald ring for 140 gold pieces
 13876 | D:8      | Found a glowing golden altar of the Shining One.
 13960 | D:8      | Reached XP level 10. HP: 49/49 MP: 19/19
 14227 | D:8      | Identified the +1 scale mail "Waenuh" {Str+3}
 14247 | D:8      | Noticed a two-headed ogre
 14514 | D:8      | Found Ypumpuc's Antique Armour Shop.
 14517 | D:8      | Noticed Joseph
 14534 | D:8      | Killed Joseph
 14608 | D:8      | Found Pifon's Armour Shop.
 15325 | Temple   | Entered the Ecumenical Temple
 15575 | Temple   | Became a worshipper of Dithmenos the Shadowed
 15690 | D:9      | Noticed a cyclops
 16109 | D:8      | Reached skill level 5 in Translocations
 16247 | D:8      | Killed a cyclops
 16548 | D:9      | Reached skill level 8 in Stealth
 16585 | D:9      | Reached skill level 1 in Invocations
 16597 | D:9      | Reached * piety under Dithmenos
 16755 | D:9      | Found a staircase to the Lair.
 16768 | D:9      | Reached skill level 5 in Short Blades
 17342 | D:9      | Noticed a centaur warrior
 17343 | D:9      | Noticed a green ugly thing
 17345 | D:9      | Noticed a centaur warrior
 17357 | D:9      | HP: 2/51 [centaur warrior/arrow (9)]
 17358 | D:9      | Slain by a green ugly thing

Illustrated notes

Levels and vault maps discovered:
D:1:      dpeg_arrival_renting, layout_basic,
          hellmonk_ecumenical_altar_arch_garden, minmay_misc_feat_room
D:2:      layout_loops_cross
D:3:      layout_basic, fedhas_altar_3
D:4:      layout_loops_corners, mainiacjoe_overflow_divided_tiny,
          mainiacjoe_overflow_cross_hatched, serial_forest,
          infiniplex_forest_clump_small, infiniplex_forest_end_1,
          infiniplex_forest_clump_medium, infiniplex_forest_corner_1,
          infiniplex_forest_split, infiniplex_forest_clump_double,
          infiniplex_forest_lined_3, infiniplex_forest_3_way,
          infiniplex_forest_end_1
D:5:      minmay_general_purpose_star, layout_cave_pools,
          minmay_temple_entry_enclosed_plants, hangedman_decor_clover_reticule,
          uniq_sigmund, uniq_duvessa, uniq_menkaure
D:6:      layout_loops_ring, uniq_pikel
D:7:      layout_basic
D:8:      layout_basic, ashenzari_altar_1, nicolae_qazlal_eye_of_the_storm,
          tso_oasis_becter, serial_shops, shop, kennysheep_mini_moat,
          nicolae_shop_statue_plus, nicolae_shop_trees,
          nicolae_shop_competitors_out_of_business, st_stairs_14, uniq_joseph
D:9:      minmay_sliced_demisemicircle, layout_loops_ring, lair_entry_dummy
Temple:   minmay_temple_curvy_branch

Skill      XL: |  1  2  3  4  5  6  7  8  9 10 |
---------------+-------------------------------+-----
Stealth        | 3 4 5 6 7 8 |  8.1
Spellcasting   | 3 4 5 6 |  6.4
Conjurations   | 5 6 7 |  7.4
Short Blades   | 1 2 3 4 5 |  5.1
Dodging        | 2 3 4 |  4.9
Fighting       | 1 2 3 4 |  4.8
Translocations | 1 2 3 4 5 |  5.1
Invocations    | 1 |  1.3

Action                   |  1- 3 |  4- 6 |  7- 9 | 10-12 || total
-------------------------+-------+-------+-------+-------++-------
Melee: Dagger            |    24 |    23 |       |       ||    47
       Bite              |     5 |     8 |    49 |    48 ||   110
       Quick blade       |       |    26 |   168 |   113 ||   307
 Cast: Magic Dart        |    87 |    76 |    62 |    71 ||   296
       Searing Ray       |       |     4 |    11 |     2 ||    17
       Iskenderun's Myst |       |       |       |     1 ||     1
Evoke: Wand              |       |       |     5 |     1 ||     6
  Use: Scroll            |     4 |     6 |    11 |       ||    21
       Potion            |       |     1 |     1 |     1 ||     3
 Stab: Distracted        |     1 |       |     1 |       ||     2
       Sleeping          |       |       |     9 |     2 ||    11
Armor: Robe              |     4 |     5 |    31 |    29 ||    69
Dodge: Dodged            |    17 |    25 |    65 |    70 ||   177

Table legend: (Time is in decaauts)
 A = Elapsed time spent in this place.
 B = Non-inter-level travel time spent in this place.
 C = Inter-level travel time spent in this place.
 D = Time resting spent in this place.
 E = Time spent auto-exploring this place.
 F = Levels seen in this place.
 G = Mean time per level.
                   A        B        C        D        E       F      G
               +--------+--------+--------+--------+--------+-----+--------+
         Total |  17229 |  16800 |    429 |   9654 |   5219 |  10 | 1722.9 |
       Dungeon |  16971 |  16551 |    420 |   9654 |   4973 |   9 | 1885.7 |
        Temple |    258 |    250 |      8 |      0 |    246 |   1 |  258.0 |
               +--------+--------+--------+--------+--------+-----+--------+

Top non-repeatable levels by time:
     D:1: 3051 daAuts
     D:4: 2448 daAuts
     D:8: 2281 daAuts
     D:6: 2008 daAuts
     D:7: 1804 daAuts
     D:3: 1503 daAuts
     D:2: 1482 daAuts
     D:5: 1479 daAuts
     D:9: 910 daAuts
  Temple: 258 daAuts
